 Dungeon Sprint DCSS version 0.21.0-25-ge575cb9 (webtiles) character file.

71416 wojtek the Executioner (level 13, -2/138 (139) HPs)
             Began as a Minotaur Berserker on Jan 23, 2018.
             Was an Elder of Trog.
             Killed from afar by Nikola (32 damage)
             ... with a chain lightning
             ... in the Dungeon (Sprint III: "The Ten Rune Challenge").
             The game lasted 00:21:02 (5214 turns).

wojtek the Executioner (Minotaur Berserker)         Turns: 5214, Time: 00:21:03

HP:   -2/138 (139)  AC: 22    Str: 27    XL:     13   Next: 90%
MP:   12/12         EV: 18    Int:  4    God:    Trog [****..]
Gold: 3086          SH:  0    Dex: 14    Spells: 12/12 levels left

rFire    . . .     SeeInvis .   b - +2 battleaxe of Starshine {drain, +Blink Dex+4}
rCold    . . .     Gourm    .   (shield currently unavailable)
rNeg     . . .     Faith    .   v - +0 plate armour
rPois    .         Spirit   .   B - +2 hat {MR+}
rElec    .         Reflect  .   (no cloak)
rCorr    .         Harm     .   r - +0 pair of gloves
MR       +....     NoTele   +   (no boots)
Stlth    ..........             (no amulet)
HPRegen  0.33/turn              (no ring)
MPRegen  0.13/turn              (no ring)

@: no status effects
A: retaliatory headbutt, horns 2
}: 2/10 runes: decaying, barnacled
a: Berserk, Trog's Hand, Brothers in Arms, Burn Spellbooks, Renounce Religion,
Evoke Blink


You were in the Dungeon.
You worshipped Trog.
Trog was greatly pleased with you.
You were hungry.

You visited 1 branch You collected 3440 gold pieces.
You spent 354 gold pieces at shops.

Inventory:

Hand Weapons
 a - a +0 hand axe
 b - the +2 battleaxe of Starshine (weapon) {drain, +Blink Dex+4}
   (Trog gifted it to you in the Dungeon)

   A truly terrible weapon, it drains the life of those it strikes.
   It affects your dexterity (+4).
   It lets you blink.
 k - a +3 battleaxe of chopping
 s - a +2 antimagic war axe
 u - a +6 antimagic broad axe
 w - a +1 antimagic executioner's axe
 x - a +2 antimagic battleaxe
 y - a +1 battleaxe of freezing
 A - a +1 antimagic hand axe
 F - a +5 battleaxe of distortion
 I - a +2 demon whip of electrocution
 J - a +4 battleaxe of chopping
 L - a +2 antimagic battleaxe
Missiles
 z - 3 tomahawks of returning (quivered)
 H - 8 steel javelins
Armour
 r - a +0 pair of gloves (worn)
 v - a +0 plate armour (worn)
 B - a +2 hat of magic resistance (worn)
 E - +0 swamp dragon scales
Wands
 G - a wand of clouds (6)
Scrolls
 i - a scroll of blinking
 j - a scroll of enchant armour {unknown}
 n - 3 scrolls of immolation {unknown}
 o - 3 scrolls of identify
 q - 2 scrolls of remove curse {unknown}
 C - a scroll of magic mapping {unknown}
Potions
 d - 4 potions of curing
 e - a potion of heal wounds
 f - 2 potions of haste
 g - 2 potions of magic
 h - a potion of berserk rage
 l - a potion of degeneration {unknown}
 m - 3 potions of mutation {unknown}
 p - 6 potions of flight
 D - a potion of invisibility {unknown}
 K - 2 potions of cancellation {unknown}
Miscellaneous
 t - a sack of spiders
Comestibles
 c - 14 rations


   Skills:
 + Level 19.7 Fighting
 * Level 25.8 Axes
 + Level 19.5 Armour
 + Level 18.2 Dodging


You had 12 spell levels left.
You didn't know any spells.

Dungeon Overview and Level Annotations

Branches:
Dungeon (1/1)

Altars:
Cheibriados
Dithmenos
Elyvilon
Fedhas
Gozag
Hepliaklqana
Kikubaaqudgha
Makhleb
Nemelex Xobeh
Okawaru
Qazlal
Ru
Sif Muna
Trog
Uskayaw
Vehumet
Wu Jian
Xom
Yredelemnul
Zin
The Shining One
Beogh
Jiyva
Lugonu

Shops:
D %}(}?(}[

Annotations:
D exclusion: 2 oklob plants, Nikola


Innate Abilities, Weirdness & Mutations

You reflexively headbutt those who attack you in melee.
You have a pair of horns on your head.


Message History

You start resting.
Your black bear bites Nikola.
Your black bear claws Nikola.
Your black bear claws Nikola but does no damage.
Nikola is nearby!
Nikola hits your black bear with a rapier of electrocution!!
Lightning courses through your black bear!
Your black bear barely misses Nikola.
Your black bear claws Nikola.
Your black bear closely misses Nikola.
Unknown command.
Your black bear closely misses Nikola.
Your black bear claws Nikola but does no damage. x2
Nikola casts a spell.
You hear a mighty clap of thunder!
The lightning arc hits your black bear.
Your black bear dies!
Your black bear's corpse disappears in a puff of smoke!
The lightning arc hits you!
* * * LOW HITPOINT WARNING * * *
The lightning arc hits Nikola.
The lightning arc hits you!
You die...

#.......###).)P≈#.▓
+.......'.[..)....▓
#.......#####.P≈#.▓
##.....## ##P≈#.▓
##..(## #+##▓
##'### #.≈≈≈+ +
#(≈≈.# #∩
#.≈≈@#######'###
#PP#..≈§#..+≈⌠...≈.
+..+..≈≈@..#≈≈.;.≈.
#..#≈≈≈.#).#.≈.;.≈.
#..#....#..#...≈@..
#.
####'#######'###▓
#. #.#.#.#.#.#.#.▓
+ #.#.#.#.#.#.#.#▓
#.#.#.#.#.#.#.#.▓


You could see Nikola (wandering).

Vanquished Creatures
  Mara (D)
  the Lernaean hydra (D)
  Gastronok (D)
  A storm dragon (D)
  Dowan (D)
  Ilsuiw (D)
  A dire elephant (D)
  A merfolk javelineer (D)
  A mummy priest (D)
  Josephine (D)
  A centaur warrior (D)
  3 hydras (D)
  4 death yaks (D)
  Urug (D)
  A shadow wraith (D)
  A skeletal warrior (D)
  An unseen horror (D)
  2 swamp dragons (D)
  A spriggan druid (D)
  A sea snake (D)
  An orange crystal statue (D)
  A lindwurm (D)
  A deep elf mage (D)
  3 crystal guardians (D)
  2 black mambas (D)
  2 spiny frogs (D)
  3 statues (D)
  Duvessa (D)
  A molten gargoyle (D)
  A rime drake (D)
  A komodo dragon (D)
  2 tyrant leeches (D)
  A queen bee (D)
  2 hornets (D)
  8 blink frogs (D)
  An orc high priest (D)
  3 dream sheep (D)
  3 wandering mushrooms (D)
  3 redbacks (D)
  A shadow (D)
  A spriggan (D)
  A spatial vortex (D)
  2 swamp drakes (D)
  A necrophage (D)
  2 centaurs (D)
  An earth elemental (D)
  A water elemental (D)
  31 killer bees (D)
  2 electric eels (D)
  A jelly (D)
  2 orc priests (D)
  A wizard (D)
  Jessica (D)
  A necromancer (D)
  3 humans (D)
  A kobold demonologist (D)
  A wolf (D)
  2 oozes (D)
  An orc (D)
  A rat (D)
  A ballistomycete (D)
  6 plants (D)
131 creatures vanquished.

Vanquished Creatures (collateral kills)
  Rupert (D)
  Polyphemus (D)
  2 vampire knights (D)
  A dire elephant (D)
  A death drake (D)
  5 swamp dragons (D)
  A statue (D)
  A crystal guardian (D)
  An orc sorcerer (D)
  2 elephants (D)
  An orc high priest (D)
  A spriggan (D)
  A swamp drake (D)
  2 orc warriors (D)
  A killer bee (D)
  2 orc priests (D)
  4 orc wizards (D)
  7 orcs (D)
  A rat (D)
  2 plants (D)
38 creatures vanquished.

Vanquished Creatures (others)
  2 draconian scorchers (D)
  A skeletal warrior (D)
  6 hellions (D)
  3 yaktaurs (D)
  A hornet (D)
  A ball lightning (D)
  7 ballistomycetes (D)
  7 ballistomycete spores (D)
  3 plants (D)
31 creatures vanquished.

Grand Total: 200 creatures vanquished

Notes
Turn   | Place    | Note
-------+----------+-------------------------------------------
     0 | D        | wojtek the Minotaur Berserker began the quest for the Orb.
     0 | D        | Reached XP level 1. HP: 19/19 MP: 0/0
     8 | D        | Reached skill level 4 in Axes
     9 | D        | Reached XP level 2. HP: 15/27 MP: 1/1
   101 | D        | Killed a yaktaur
   115 | D        | Killed a hellion
   115 | D        | Killed a hellion
   120 | D        | Noticed Jessica
   122 | D        | Killed Jessica
   122 | D        | Reached ** piety under Trog
   122 | D        | Reached skill level 5 in Fighting
   122 | D        | Reached skill level 6 in Axes
   122 | D        | Reached XP level 3. HP: 33/36 MP: 2/2
   148 | D        | Killed a hellion
   150 | D        | Killed a hellion
   177 | D        | Killed a hellion
   180 | D        | Killed a yaktaur
   184 | D        | Reached XP level 4. HP: 29/42 MP: 3/3
   186 | D        | Killed a white draconian scorcher
   196 | D        | Killed a white draconian scorcher
   219 | D        | Killed a hellion
   276 | D        | Noticed a water elemental
   280 | D        | Killed a water elemental
   280 | D        | Reached *** piety under Trog
   280 | D        | Reached skill level 8 in Axes
   280 | D        | Reached skill level 5 in Armour
   280 | D        | Reached skill level 5 in Dodging
   334 | D        | Found a radiant altar of Vehumet.
   334 | D        | Found a deep blue altar of Sif Muna.
   334 | D        | Found an ancient bone altar of Kikubaaqudgha.
   334 | D        | Noticed a wizard
   337 | D        | Killed a wizard
   337 | D        | Reached XP level 5. HP: 51/51 MP: 4/4
   340 | D        | Reached **** piety under Trog
   388 | D        | Found a glowing silver altar of Zin.
   389 | D        | Found a glowing golden altar of the Shining One.
   389 | D        | Found a white marble altar of Elyvilon.
   389 | D        | Noticed a deep elf mage
   397 | D        | Killed a deep elf mage
   397 | D        | Reached ***** piety under Trog
   397 | D        | Reached skill level 11 in Axes
   397 | D        | Reached XP level 6. HP: 63/63 MP: 5/5
   397 | D        | Reached XP level 7. HP: 70/70 MP: 6/6
   408 | D        | Found a hide-covered altar of Uskayaw.
   408 | D        | Found a roughly hewn altar of Beogh.
   408 | D        | Found an iron altar of Okawaru.
   408 | D        | Found a bloodstained altar of Trog.
   408 | D        | Found an ornate altar of the Wu Jian Council.
   408 | D        | Noticed a human
   409 | D        | Noticed a human
   413 | D        | Killed a human
   413 | D        | Reached skill level 12 in Axes
   419 | D        | Killed a human
   459 | D        | Found a basalt altar of Yredelemnul.
   459 | D        | Found a shadowy altar of Dithmenos.
   459 | D        | Found a sacrificial altar of Ru.
   461 | D        | Reached skill level 13 in Axes
   471 | D        | Received a gift from Trog
   471 | D        | Reached skill level 10 in Fighting
   510 | D        | Noticed a shadow
   518 | D        | Killed a shadow
   518 | D        | Reached XP level 8. HP: 78/79 MP: 2/7
   548 | D        | Killed a yaktaur
   654 | D        | Found a blossoming altar of Fedhas.
   654 | D        | Found a stormy altar of Qazlal.
   654 | D        | Found a snail-covered altar of Cheibriados.
   654 | D        | Found a burning altar of Makhleb.
   654 | D        | Found a shimmering altar of Xom.
   655 | D        | Found a hazy altar of Hepliaklqana.
   655 | D        | Found an opulent altar of Gozag.
   655 | D        | Found a sparkling altar of Nemelex Xobeh.
   655 | D        | Found a corrupted altar of Lugonu.
   655 | D        | Found a viscous altar of Jiyva.
   663 | D        | Reached skill level 10 in Armour
   676 | D        | Noticed Josephine
   690 | D        | Killed Josephine
   690 | D        | Reached skill level 14 in Axes
   690 | D        | Reached skill level 10 in Dodging
   690 | D        | Reached XP level 9. HP: 89/89 MP: 2/8
   734 | D        | Reached skill level 15 in Axes
   739 | D        | Reached ****** piety under Trog
   739 | D        | Received a gift from Trog
   746 | D        | Received a gift from Trog
   752 | D        | Found Gusibod's Gadget Shop.
   752 | D        | Noticed an orc sorcerer
   756 | D        | Killed an orc sorcerer
   954 | D        | Noticed a centaur warrior
   957 | D        | Received a gift from Trog
   958 | D        | Killed a centaur warrior
   958 | D        | Reached skill level 16 in Axes
   994 | D        | Got a warped battleaxe {god gift}
   995 | D        | Identified the +2 battleaxe of Starshine {drain, +Blink Dex+4} (Trog gifted it to you in the Dungeon)
  1016 | D        | Killed an unseen horror
  1038 | D        | Noticed a queen bee
  1042 | D        | Reached XP level 10. HP: 82/100 MP: 7/9
  1053 | D        | Reached skill level 17 in Axes
  1061 | D        | Received a gift from Trog
  1082 | D        | Received a gift from Trog
  1232 | D        | Received a gift from Trog
  1242 | D        | Received a gift from Trog
  1247 | D        | Received a gift from Trog
  1384 | D        | Reached skill level 18 in Axes
  1404 | D        | Noticed a spiny frog
  1404 | D        | Noticed a spiny frog
  1411 | D        | Killed a spiny frog
  1417 | D        | Killed a spiny frog
  1417 | D        | Received a gift from Trog
  1542 | D        | Reached skill level 19 in Axes
  1542 | D        | Reached XP level 11. HP: 95/111 MP: 10/10
  1597 | D        | Noticed Rupert
  1601 | D        | Killed Rupert
  1614 | D        | Noticed a dire elephant
  1620 | D        | Noticed a dire elephant
  1620 | D        | Killed a dire elephant
  1621 | D        | Received a gift from Trog
  1627 | D        | Killed a dire elephant
  1627 | D        | Reached skill level 15 in Fighting
  1627 | D        | Reached skill level 20 in Axes
  1633 | D        | Noticed Gastronok
  1644 | D        | Killed Gastronok
  1644 | D        | Reached skill level 15 in Armour
  1892 | D        | Noticed a death yak
  1893 | D        | Noticed a death yak
  1901 | D        | Noticed a death yak
  1901 | D        | Killed a death yak
  1902 | D        | Noticed a death yak
  1911 | D        | Killed a death yak
  1913 | D        | Killed a death yak
  1913 | D        | Received a gift from Trog
  1920 | D        | Reached skill level 21 in Axes
  1927 | D        | Killed a death yak
  1947 | D        | Noticed an azure jelly
  1947 | D        | Noticed an azure jelly
  1956 | D        | Reached XP level 12. HP: 89/122 MP: 11/11
  2084 | D        | Received a gift from Trog
  2090 | D        | Reached skill level 15 in Dodging
  2481 | D        | Found Akesh's Food Shoppe.
  2481 | D        | Found Cuargh's Gadget Boutique.
  2481 | D        | Found Tonul's Antique Weapon Emporium.
  2508 | D        | Noticed a four-headed hydra
  2508 | D        | Noticed the 27-headed Lernaean hydra
  2516 | D        | Killed the 26-headed Lernaean hydra
  2516 | D        | Reached skill level 22 in Axes
  2521 | D        | Received a gift from Trog
  2523 | D        | Killed a six-headed hydra
  2528 | D        | Received a gift from Trog
  2533 | D        | Got a decaying rune of Zot
  2553 | D        | Bought a wand of clouds (6) for 330 gold pieces
  2689 | D        | Received a gift from Trog
  2958 | D        | Received a gift from Trog
  3105 | D        | Noticed Urug
  3111 | D        | Killed Urug
  3111 | D        | Reached skill level 23 in Axes
  3162 | D        | Noticed a five-headed hydra
  3162 | D        | Noticed an eight-headed hydra
  3172 | D        | Killed an eight-headed hydra
  3176 | D        | Killed an 11-headed hydra
  3303 | D        | Found a blossoming altar of Fedhas.
  3311 | D        | Received a gift from Trog
  3332 | D        | Noticed Polyphemus
  3341 | D        | Killed Polyphemus
  3341 | D        | Reached XP level 13. HP: 123/134 MP: 12/12
  3359 | D        | Noticed Ilsuiw
  3377 | D        | Killed Ilsuiw
  3377 | D        | Received a gift from Trog
  3401 | D        | Found Ikior's Magic Scroll Emporium.
  3413 | D        | Found Plog's Antique Weapon Shop.
  3414 | D        | Found Lameob's Gadget Shoppe.
  3415 | D        | Noticed a merfolk javelineer
  3438 | D        | Killed a merfolk javelineer
  3438 | D        | Reached skill level 24 in Axes
  3540 | D        | Bought a scroll of identify for 24 gold pieces
  3553 | D        | Got a barnacled rune of Zot
  3643 | D        | Noticed Dowan
  3643 | D        | Noticed Duvessa
  3649 | D        | Killed Dowan
  3649 | D        | Received a gift from Trog
  3656 | D        | Killed Duvessa
  3835 | D        | Received a gift from Trog
  3853 | D        | Received a gift from Trog
  4126 | D        | Noticed Mara
  4127 | D        | Noticed a vampire knight
  4127 | D        | Noticed a vampire knight
  4139 | D        | Killed a vampire knight
  4139 | D        | Received a gift from Trog
  4141 | D        | Killed a vampire knight
  4149 | D        | Noticed wojtek's illusion
  4154 | D        | Killed Mara
  4154 | D        | Reached skill level 25 in Axes
  4490 | D        | Noticed a mummy priest
  4523 | D        | Killed a mummy priest
  4523 | D        | Lost intelligence.
  4745 | D        | Found Humech's Armour Shop.
  4919 | D        | Noticed a storm dragon
  4937 | D        | Killed a storm dragon
  4939 | D        | Noticed Nikola
  5214 | D        | Killed from afar by Nikola

Skill      XL: |  1  2  3  4  5  6  7  8  9 10 11 12 13 |
---------------+----------------------------------------+-----
Fighting       | 4 5 6 9 10 11 12 14 16 17 19 | 19.7
Axes           | 4 6 8 11 13 14 16 19 21 23 25 | 25.8
Armour         | 3 4 6 8 9 11 12 14 16 17 19 | 19.5
Dodging        | 3 4 5 7 9 10 11 13 14 16 18 | 18.2

Action                   |  1- 3 |  4- 6 |  7- 9 | 10-12 | 13-15 || total
-------------------------+-------+-------+-------+-------+-------++-------
Melee: Hand axe          |    22 |     9 |    18 |       |       ||    49
       Headbutt          |     2 |       |    18 |    58 |    39 ||   117
       War axe           |       |       |    24 |       |       ||    24
       Broad axe         |       |       |    12 |       |       ||    12
       Battleaxe         |       |       |     7 |   241 |   127 ||   375
Invok: Berserk           |       |     2 |     4 |     3 |       ||     9
       Burn Spellbooks   |       |     1 |       |       |       ||     1
       Brothers in Arms  |       |       |     2 |     8 |     9 ||    19
 Stab: Distracted        |       |       |     1 |       |       ||     1
  Eat: Chunk             |       |       |     6 |     6 |     4 ||    16
       Ration            |       |       |       |     2 |     2 ||     4
Armor: Animal skin       |     3 |     1 |     3 |       |       ||     7
       Plate armour      |       |       |    14 |    59 |    22 ||    95
       Swamp dragon scal |       |       |       |    24 |    11 ||    35
Dodge: Dodged            |    13 |     1 |    22 |   193 |    86 ||   315
